 Dungeon Crawl Stone Soup version 0.27-a0-1193-g8631133539 (webtiles) character file.

Game seed: 17971600011230512006

7049 gruber the Nimble (level 11, -1/82 HPs)
             Began as a Djinni Hedge Wizard on May 26, 2021.
             Was a Believer of Makhleb.
             Killed from afar by a tengu conjurer (17 damage)
             ... with a bolt of lightning
             ... led by a tengu warrior
             ... on level 10 of the Dungeon.
             The game lasted 00:21:10 (16584 turns).

gruber the Nimble (Djinni Hedge Wizard)            Turns: 16584, Time: 00:21:10

Health: -1/82      AC:  8    Str:  9    XL:     11   Next: 30%
Gold:   137        EV: 21    Int: 18    God:    Makhleb [**....] SH:  0 Dex: 14

rFire    + + .     SeeInvis +   J - +2 short sword (elec)
rCold    x . .     Faith    .   (no shield)
rNeg     . . .     Spirit   .   D - +0 steam dragon scales
rPois    ∞         Reflect  .   l - +2 hat
rElec    .         Harm     .   c - +0 cloak
rCorr    .         Rampage  .   (no gloves)
Will     +....                  (boots unavailable)
Stlth    ++........             (no amulet)
HPRegen  0.23/turn              B - ring of see invisible
MPRegen  0.00/turn              (no ring)

@: agile, forested, flying
A: sickness immunity, fire resistance 2, cold vulnerability 1, float, innate
caster, hp casting, extra vitality 1
a: Renounce Religion, Minor Destruction


You were on level 10 of the Dungeon.
You worshipped Makhleb.
Makhleb was pleased with you.
You visited 2 branches of the dungeon, and saw 11 of its levels.

You collected 412 gold pieces.
You spent 275 gold pieces at shops.

Inventory:

Hand Weapons
 I - a +2 whip of freezing
 J - a +2 short sword of electrocution (weapon)
 K - a +3 scimitar of flaming
Missiles
 z - 3 curare-tipped darts
 G - 3 throwing nets
Armour
 c - a +0 cloak (worn)
 l - a +2 hat (worn)
 D - +0 steam dragon scales (worn)
Magical Staves
 x - a staff of cold
Jewellery
 u - a ring of fire
 B - a ring of see invisible (left hand)
Wands
 o - a wand of paralysis (8)
 s - a wand of iceblast (1)
Scrolls
 b - 4 scrolls of brand weapon {unknown}
 d - 3 scrolls of enchant armour {unknown}
 f - 2 scrolls of vulnerability {unknown}
 h - 2 scrolls of magic mapping {unknown}
 j - 2 scrolls of summoning {unknown}
 k - 2 scrolls of enchant weapon {unknown}
 n - 3 scrolls of holy word {unknown}
 p - 7 scrolls of identify {unknown}
 r - 5 scrolls of teleportation {unknown}
 v - 3 scrolls of blinking {unknown}
 w - a scroll of noise {unknown}
 y - a scroll of torment {unknown}
 E - 4 scrolls of amnesia {unknown}
Potions
 a - a potion of degeneration {unknown}
 e - a potion of brilliance {unknown}
 g - 2 potions of lignification {unknown}
 i - a potion of cancellation {unknown}
 m - 2 potions of attraction {unknown}
 q - 5 potions of curing
 t - 5 potions of heal wounds {unknown}
 A - a potion of magic {unknown}
 C - 2 potions of resistance {unknown}
 F - a potion of invisibility {unknown}
 H - 2 potions of mutation {unknown}


   Skills:
 * Level 8.6 Fighting
 - Level 10.0 Dodging
 - Level 1.5 Stealth
 - Level 9.0 Spellcasting
 - Level 0.3 Evocations


You had one spell level left.
You knew the following spells:

 Your Spells              Type           Power      Damage    Failure   Level
a - Magic Dart            Conj           100%       1d8       1%          1
b - Blink                 Tloc           N/A        N/A       1%          2
c - Call Imp              Summ           40%        N/A       1%          2
d - Slow                  Hex            40%        N/A       1%          2
e - Conjure Flame         Conj/Fire      40%        6-21      1%          3
f - Mephitic Cloud        Conj/Pois/Air  40%        N/A       1%          3
g - Sting                 Tmut/Pois      100%       1d8       1%          1
h - Corpse Rot            Necr/Air       N/A        N/A       1%          2
i - Spider Form           Tmut/Pois      20%        N/A       1%          3
j - Gell's Gravitas       Tloc           20%        N/A       1%          3
k - Summon Forest         Summ/Tloc      20%        N/A       6%          5
Your spell library was empty.

Dungeon Overview and Level Annotations

Branches:
Dungeon (10/15)            Temple (1/1) D:6             Orc (0/2) D:9
   Lair: D:8-11

Altars:
Ashenzari
Cheibriados
Dithmenos
Elyvilon
Fedhas
Gozag
Hepliaklqana
Kikubaaqudgha
Makhleb
Nemelex Xobeh
Okawaru
Qazlal
Ru
Sif Muna
Trog
Uskayaw
Vehumet
Wu Jian
Xom
Yredelemnul
Zin
The Shining One

Shops:
D:7 [   D:8 [


Innate Abilities, Weirdness & Mutations

You are immune to sickness and miasma.
You are immune to poison.
Your flesh is very heat resistant. (rF++)
You are vulnerable to cold. (rC-)
You float through the air rather than walking.
You learn spells naturally, not from books.
Your magical power is your life essence.
You have superior vitality. (+4 HP)


Message History

Confirm with . or Enter, or press ? or * to list all spells.
You blink.
* * * LOW HITPOINT WARNING * * *
Your dryad seems less confused.
Unknown command.
Unknown command.
Unknown command.
Unknown command.
Casting: Blink (safe; 1% risk of failure)
Confirm with . or Enter, or press ? or * to list all spells.
You blink.
* * * LOW HITPOINT WARNING * * *
The tengu warrior is engulfed in noxious fumes.
The tengu conjurer is engulfed in noxious fumes.
The tengu warrior is engulfed in noxious fumes.
Your dryad calls out to the forest.
The forest starts to sway and rumble!
Unknown command.
Unknown command.
Unknown command.
Unknown command.
Casting: Blink (safe; 1% risk of failure)
Confirm with . or Enter, or press ? or * to list all spells.
You blink.
* * * LOW HITPOINT WARNING * * *
A root smacks the battlesphere from below!
The battlesphere is destroyed!
The tengu conjurer gestures wildly while chanting.
The tengu conjurer conjures a globe of magical energy!
The tengu warrior is engulfed in noxious fumes.
A battlesphere comes into view.
Unknown command.
Unknown command.
Trunks creak and shift.
Unknown command.
Unknown command.
The tengu warrior is hit by a branch!
The tengu conjurer gestures at you while chanting.
The bolt of lightning hits you!
You die...

##.#..#... ...##.#.##
#### ...######
####♣#.##.....
#......#.....#
...........#
.####♣.##### .
#####♣.(##♣#♣###♣###....
...........○≈*≈.@.......
########...≈RQ.♣######..
########.○≈≈≈≈#
......)....≈≈≈♣
##♣###♣#.○°.≈≈♣ #......#
♣♣♣#####


You could see a tengu conjurer, a battlesphere and a friendly dryad (summoned).

Vanquished Creatures
  2 two-headed ogres
  Pikel (D:8)
  Psyche (D:10)
  Prince Ribbit (D:5)
  5 yaks (D:8)
  A vampire (D:10)
  2 steam dragons (D:7)
  A water moccasin (D:8)
  An orc warrior (D:7)
  2 ice beasts
  A black bear (D:6)
  A necrophage (D:4)
  3 centaurs
  4 lemures (D:8)
  2 phantoms
  3 kobold brigands
  3 bullfrogs
  A gnoll sergeant (D:7)
  2 scorpions
  A wyvern skeleton (D:7)
  A troll zombie (D:9)
  4 killer bees (D:8)
  3 wights (D:8)
  3 centaur zombies
  A jelly (D:6)
  2 centaur skeletons (D:7)
  A bullfrog zombie (D:6)
  An orc priest (D:8)
  3 hounds
  2 bullfrog skeletons (D:6)
  A gnoll shaman (D:5)
  4 iguanas
  4 orc wizards
  2 ogre zombies (D:9)
  A hound skeleton (D:4)
  8 gnolls
  2 howler monkey skeletons (D:6)
  8 adders
  2 white imps (D:7)
  A worm (D:4)
  2 dart slugs
  15 orcs
  5 bats
  13 endoplasms
  4 giant cockroaches
  5 hobgoblins
  4 jackals (D:2)
  4 quokkas
  6 ball pythons
  5 frilled lizards
  10 goblins
  2 goblin zombies (D:9)
  6 hobgoblin zombies (D:9)
  19 kobolds
  8 orc zombies (D:9)
  A quokka skeleton (D:3)
  2 rats
203 creatures vanquished.

Vanquished Creatures (collateral kills)
  Erica (D:10)
  A two-headed ogre (D:9)
  A troll (D:9)
  2 wyverns (D:10)
  A steam dragon (D:10)
  2 phantoms (D:9)
  4 electric eels (D:9)
  4 ogre zombies (D:9)
  3 hobgoblin zombies (D:9)
  2 orc skeletons (D:9)
  3 orc zombies (D:9)
24 creatures vanquished.

Vanquished Creatures (others)
  An electric eel (D:9)
  2 snaplasher vines
  4 toadstools (D:1)
7 creatures vanquished.

Grand Total: 234 creatures vanquished

Notes
Turn   | Place    | Note
-------+----------+-------------------------------------------
     0 | D:1      | gruber the Djinni Hedge Wizard began the quest for the Orb.
     0 | D:1      | Reached XP level 1. HP: 15/15 MP: 0/0
   327 | D:1      | Reached XP level 2. HP: 18/21 MP: 0/0
   986 | D:1      | Reached XP level 3. HP: 17/25 MP: 0/0
   986 | D:1      | Learned a level 1 spell: Sting
  2140 | D:2      | Reached XP level 4. HP: 30/31 MP: 0/0
  2271 | D:2      | Found an iron altar of Okawaru.
  3014 | D:3      | Reached XP level 5. HP: 13/35 MP: 0/0
  3014 | D:3      | Learned a level 2 spell: Corpse Rot
  3901 | D:4      | Found a sparkling altar of Nemelex Xobeh.
  4363 | D:4      | Reached XP level 6. HP: 36/40 MP: 0/0
  4843 | D:4      | Reached skill level 5 in Spellcasting
  5347 | D:5      | Entered Level 5 of the Dungeon
  5365 | D:5      | Noticed a necrophage
  5775 | D:4      | Killed a necrophage
  5776 | D:4      | Reached XP level 7. HP: 14/45 MP: 0/0
  5776 | D:4      | Learned a level 3 spell: Spider Form
  6744 | D:5      | Noticed Prince Ribbit
  6756 | D:5      | Killed Prince Ribbit
  6757 | D:5      | Reached XP level 8. HP: 8/50 MP: 0/0
  7152 | D:6      | Reached skill level 3 in Dodging
  7445 | D:6      | Reached skill level 4 in Dodging
  7511 | D:6      | Noticed a two-headed ogre
  7541 | D:6      | Killed a two-headed ogre
  7542 | D:6      | Reached skill level 7 in Dodging
  7542 | D:6      | Reached XP level 9. HP: 38/55 MP: 0/0
  7542 | D:6      | Learned a level 3 spell: Gell's Gravitas
  7772 | D:6      | Reached skill level 8 in Dodging
  8265 | D:6      | Found an ornate altar of the Wu Jian Council.
  8345 | D:6      | Found a staircase to the Ecumenical Temple.
  8399 | Temple   | Entered the Ecumenical Temple
  8493 | Temple   | Became a worshipper of Makhleb the Destroyer
  8679 | D:7      | Reached skill level 9 in Dodging
  9784 | D:7      | Reached skill level 10 in Dodging
 10060 | D:7      | Reached skill level 1 in Fighting
 10520 | D:7      | Found Seczeol's Antique Armour Boutique.
 10524 | D:7      | Bought a bloodstained helmet for 275 gold pieces
 10524 | D:7      | Identified the +2 helmet "Kojaon" {-Cast rPois Str+4} (You
                  | bought it in a shop on level 7 of the Dungeon)
 10592 | D:8      | Reached XP level 10. HP: 49/67 MP: 0/0
 10696 | D:8      | Found a glowing golden altar of the Shining One.
 11117 | D:8      | Reached skill level 5 in Fighting
 11199 | D:8      | Found Cheibriados's Comfort Zone.
 11218 | D:8      | Found a snail-covered altar of Cheibriados.
 11392 | D:8      | Noticed a two-headed ogre
 11422 | D:8      | Killed a two-headed ogre
 12026 | D:8      | Noticed Pikel
 12110 | D:8      | Killed Pikel
 12889 | D:8      | Found an opulent altar of Gozag.
 13011 | D:8      | Reached * piety under Makhleb
 14345 | D:9      | Reached XP level 11. HP: 24/81 MP: 0/0
 14345 | D:9      | Learned a level 5 spell: Summon Forest
 14802 | D:9      | Noticed a two-headed ogre
 14916 | D:9      | Killed a two-headed ogre
 15286 | D:9      | Found a staircase to the Orcish Mines.
 15456 | D:9      | Reached ** piety under Makhleb
 16131 | D:10     | Entered Level 10 of the Dungeon
 16301 | D:10     | Noticed Erica
 16319 | D:10     | Killed Erica
 16560 | D:10     | Noticed Psyche
 16570 | D:10     | Noticed a tengu warrior
 16573 | D:10     | Killed Psyche
 16584 | D:10     | Killed from afar by a tengu conjurer

Illustrated notes

Levels and vault maps discovered:
D:1:      ldierk_walled_garden_2, layout_loops_ring
D:2:      layout_basic, basic_altar
D:3:      layout_basic
D:4:      layout_gridville, nemelex_spade_bored_becter, grunt_decor_fettered,
          dk_noncrumbling_4, grunt_ministairs_10, minmay_tree_intersection,
          corexii_corridor_pit, minmay_crystal_room, serial_bayou_pond_e
D:5:      layout_basic, uniq_prince_ribbit1
D:6:      layout_cave_pools, nzn_wu_jian_contemplation,
          minmay_temple_entry_fiery, minmay_diced_spiral
D:7:      layout_loops_ring, serial_shops, nicolae_shop_stone
D:8:      layout_basic, nicolae_gozag_seed_capital, tso_altar, minmay_shop_chei,
          uniq_pikel
D:9:      layout_irregular_city, zombieorc2_lemuel, kennysheep_boxes
D:10:     layout_rooms, serial_glass, glass_columns_b, glass_columns_a,
          uniq_psyche, uniq_erica
Temple:   compressed_dpeg_circular_temple

Skill      XL: |  1  2  3  4  5  6  7  8  9 10 11 |
---------------+----------------------------------+-----
Spellcasting   | 3 4 5 6 7 9 |  9.0
Dodging        | 7 10 | 10.0
Fighting       | 3 8 |  8.6
Stealth        | |  1.5
Evocations     | |  0.3

Action                   |  1- 3 |  4- 6 |  7- 9 | 10-12 || total
-------------------------+-------+-------+-------+-------++-------
Melee: Dagger            |       |       |    18 |    33 ||    51
       Unarmed           |       |       |    16 |    13 ||    29
       Short sword       |       |       |       |     6 ||     6
 Cast: Magic Dart        |    96 |   154 |   311 |   351 ||   912
       Blink             |       |    15 |     4 |    14 ||    33
       Mephitic Cloud    |       |       |    14 |    22 ||    36
       Corpse Rot        |       |       |     3 |       ||     3
       Slow              |       |       |     1 |       ||     1
       Sting             |       |       |     2 |       ||     2
       Call Imp          |       |       |     1 |    12 ||    13
       Spider Form       |       |       |     2 |     1 ||     3
       Summon Forest     |       |       |       |    14 ||    14
Evoke: Wand              |       |       |     4 |     2 ||     6
 Stab: Confused          |       |       |     4 |     4 ||     8
       Paralysed         |       |       |       |     6 ||     6
       Sleeping          |       |       |       |     1 ||     1
Armor: Robe              |     2 |     9 |    19 |       ||    30
       Steam dragon scal |       |       |    20 |    60 ||    80
Dodge: Dodged            |     7 |    27 |   123 |   173 ||   330

Table legend: (Time is in decaauts)
 A = Elapsed time spent in this place.
 B = Non-inter-level travel time spent in this place.
 C = Inter-level travel time spent in this place.
 D = Time resting spent in this place.
 E = Time spent auto-exploring this place.
 F = Levels seen in this place.
 G = Mean time per level.
                   A        B        C        D        E       F      G
               +--------+--------+--------+--------+--------+-----+--------+
         Total |  16586 |  16235 |    351 |   1862 |  12149 |  11 | 1507.8 |
       Dungeon |  16477 |  16141 |    336 |   1862 |  12062 |  10 | 1647.7 |
        Temple |    108 |     94 |     14 |      0 |     87 |   1 |  108.0 |
               +--------+--------+--------+--------+--------+-----+--------+

Top non-repeatable levels by time:
     D:8: 2754 daAuts
     D:9: 2497 daAuts
     D:7: 2098 daAuts
     D:4: 1959 daAuts
     D:6: 1534 daAuts
     D:2: 1511 daAuts
     D:5: 1333 daAuts
     D:1: 1220 daAuts
     D:3: 1114 daAuts
    D:10: 452 daAuts
  Temple: 108 daAuts
